 Dungeon Crawl Stone Soup version 0.23.2-1-ga50397a (webtiles) character file.

Game seed: 8773744239045616780

44 Fang the Skirmisher (level 3, 0/36 HPs)
             Began as a Gargoyle Berserker on Apr 15, 2019.
             Was a Believer of Trog.
             Killed from afar by Natasha (6 damage)
             ... with a magic dart
             ... on level 2 of the Dungeon.
             The game lasted 00:00:46 (820 turns).

Fang the Skirmisher (Gargoyle Berserker)             Turns: 820, Time: 00:00:46

Health: 0/36       AC:  5    Str: 26    XL:     3   Next: 62%
Magic:  3/3        EV: 12    Int:  7    God:    Trog [**....]
Gold:   40         SH:  0    Dex:  9    Spells: 2/2 levels left

rFire    . . .     SeeInvis .   a - +0 hand axe
rCold    . . .     Gourm    .   (no shield)
rNeg     + . .     Faith    .   b - +0 animal skin
rPois    ∞         Spirit   .   (no helmet)
rElec    +         Reflect  .   (no cloak)
rCorr    .         Harm     .   (no gloves)
MR       .....                  (no boots)
Stlth    ..........             (no amulet)
HPRegen  0.12/turn              (no ring)
MPRegen  0.08/turn              (no ring)

@: berserking (expiring), slowed
A: negative energy resistance 1, electricity resistance, unbreathing,
petrification resistance, rot immunity, AC +3
a: Berserk, Trog's Hand, Renounce Religion


You were on level 2 of the Dungeon.
You worshipped Trog.
Trog was pleased with you.
You were hungry.

You visited 1 branch of the dungeon, and saw 2 of its levels.

You collected 40 gold pieces.

Inventory:

Hand Weapons
 a - a +0 hand axe (weapon)
Armour
 b - a +0 animal skin (worn)
Jewellery
 h - an uncursed ring of magical power {unknown}
Scrolls
 g - a scroll of enchant weapon {unknown}
 i - 2 scrolls of enchant armour {unknown}
 k - a scroll of identify {unknown}
 l - a scroll of noise {unknown}
Potions
 d - 2 potions of resistance {unknown}
 e - a potion of curing {unknown}
 j - a potion of degeneration {unknown}
Comestibles
 c - 2 rations
 f - 2 chunks of flesh


   Skills:
 + Level 3.7 Fighting
 + Level 3.0 Axes
 + Level 2.8 Armour
 + Level 2.1 Dodging


You had 2 spell levels left.
You didn't know any spells.
Your spell library was empty.

Dungeon Overview and Level Annotations

Branches:
Dungeon (2/15)

Altars:

Annotations:
D:2 Natasha


Innate Abilities, Weirdness & Mutations

You are resistant to torment.
Your stone body is resilient. (AC +3)
You are immune to poison.
You resist negative energy. (rN+)
You are resistant to electric shocks. (rElec)
You can survive without breathing.
You are immune to petrification.
You are immune to rotting.


Message History

Trog accepts your kill.
You closely miss the jackal.
The jackal bites you but does no damage.
Natasha claws you.
* * * LOW HITPOINT WARNING * * *
The jackal bites you.
* * * LOW HITPOINT WARNING * * *
You closely miss Natasha.
Natasha is severely wounded.
You closely miss the jackal. The jackal misses you. Natasha claws you.
* * * LOW HITPOINT WARNING * * *
The jackal misses you.
You hit Natasha.
Natasha is almost dead.
You hit the jackal.
You kill the jackal!
Trog accepts your kill. Natasha casts a spell at you. The magic dart hits you.
You die...

...........).#......÷..
............)...........
............†.#.........
..............#.........
<.#.##..†.....#.........
.#.......)....#.........
.......†................
..#.#.†.......##........
. #.#@.#.######......#
......†h............####
..........#.......[.#
...........#.....(..#
...........#........#
............^.......#
..........#.........#
..........##.#.######
#.....#


You could see Natasha.

Vanquished Creatures
  An adder (D:2)
  2 dart slugs (D:1)
  A giant cockroach (D:1)
  8 goblins
  3 jackals (D:2)
  6 kobolds (D:1)
  2 ball pythons
  4 bats
  4 frilled lizards
  4 rats
35 creatures vanquished.

Notes
Turn   | Place    | Note
-------+----------+-------------------------------------------
     0 | D:1      | Fang the Gargoyle Berserker began the quest for the Orb.
     0 | D:1      | Reached XP level 1. HP: 14/14 MP: 1/1
    44 | D:1      | Reached XP level 2. HP: 13/19 MP: 2/2
   720 | D:2      | Reached XP level 3. HP: 23/23 MP: 3/3
   777 | D:2      | Reached ** piety under Trog
   809 | D:2      | Noticed Natasha
   820 | D:2      | Killed from afar by Natasha

Skill      XL: |  1  2  3 |
---------------+----------+-----
Axes           | 3 |  3.0
Dodging        | 2 |  2.1
Fighting       | |  3.7
Armour         | |  2.8

Action                   || total
-------------------------++-------
Melee: Hand axe          ||    92
Invok: Berserk           ||     1
Armor: Animal skin       ||    38
Dodge: Dodged            ||    86
